 Dungeon Crawl Stone Soup version 0.29-a0-284-gf9362112df (webtiles) character file.

Game seed: 16857008217296283320

4935 spaghetti the Warrior (level 10, -1/132 (136) HPs)
             Began as an Ogre Cinder Acolyte on Mar 20, 2022.
             Was a Priest of Ignis.
             Slain by a freezing wraith (10 damage)
             ... in an ice cave.
             The game lasted 00:17:00 (12809 turns).

spaghetti the Warrior (Ogre Cinder Acolyte)        Turns: 12809, Time: 00:17:01

HP:   -1/132 (136)  AC: 10    Str: 22    XL:     10   Next: 52%
MP:   20/20         EV:  7    Int: 15    God:    Ignis [***...]
Gold: 308           SH:  8    Dex: 12    Spells: 9/11 levels left

rFire   + . .      SeeInvis .   r - +10 dagger of Valiance {drain, rC+ MP+9, short}
rCold   + . .      Faith    .   J - +2 kite shield
rNeg    . . .      Spirit   .   I - +2 swamp dragon scales
rPois   +          Reflect  .   (helmet restricted)
rElec   .          Harm     .   (no cloak)
rCorr   .          Rampage  .   (gloves unavailable)
Will    +....                   (boots unavailable)
Stlth   +.........              (no amulet)
HPRegen 0.32/turn               l - ring of wizardry
MPRegen 0.17/turn               B - +6 ring of dexterity

@: slowed, lightly drained, very slow
A: large, unfitting armour, tough skin 1
a: Renounce Religion, Fiery Armour, Foxfire Swarm


You were in an ice cave.
You worshipped Ignis.
Ignis was most pleased with you.
You visited 2 branches of the dungeon, and saw 11 of its levels.
You also visited: Ice Cave.

You collected 465 gold pieces.
You spent 157 gold pieces at shops.


Innate Abilities, Weirdness & Mutations

You are too large for most types of armour.
You have tough skin. (AC +1)


   Skills:
 + Level 19.1 Fighting
 - Level 3.3 Unarmed Combat
 - Level 1.2 Spellcasting
 - Level 2.6 Fire Magic


You had 9 spell levels left.
You knew the following spells:

 Your Spells              Type           Power      Damage    Failure   Level
a - Scorch                Fire           16%        2d5       21%         2

Your spell library contained the following spells:

 Spells                   Type           Power      Damage    Failure   Level
 Corpse Rot               Necr/Air       0%         N/A       52%         2
 Poisonous Vapours        Pois/Air       0%         N/A       52%         2
 Summon Lightning Spire   Summ/Air       0%         N/A       98%         4
 Conjure Ball Lightning   Conj/Air       0%         3x3d6     100%        6
 Storm Form               Tmut/Air       0%         N/A       100%        7
 Discord                  Hex            0%         N/A       100%        8
 Disjunction              Tloc           0%         N/A       100%        8
 Maxwell's Capacitive Co  Air            0%         ∞         100%        8

Inventory:

Hand Weapons
 b - a +0 dagger {short}
   (You found it on level 1 of the Dungeon)
 c - a +0 club {mace}
   (You took it off a goblin on level 2 of the Dungeon)
 d - a +2 vorpal hunting sling {sling}
   (You took it off a goblin on level 2 of the Dungeon)
 r - the +10 dagger of Valiance (weapon) {drain, rC+ MP+9, short}
   (You found it on level 3 of the Dungeon)

   A truly terrible weapon, it drains the life of any living foe it strikes.
   rC:        It protects you from cold.
   MP:        It affects your magic capacity (+9).
 w - the +8 great sword "Miwear" {vorpal, Contam rElec rPois rCorr, long}
   (You found it on level 4 of the Dungeon)

   It inflicts extra damage upon your enemies.
   rElec:     It insulates you from electricity.
   rPois:     It protects you from poison.
   Contam:    It causes magical contamination when unequipped.
   rCorr:     It protects you from acid and corrosion.
Missiles
 e - 132 stones {throwing}
 i - 4 javelins {throwing}
 j - 27 poisoned darts {throwing}
 o - 2 atropa-tipped darts {throwing}
 x - 8 boomerangs {throwing}
 Q - 3 curare-tipped darts {=fthrowing}
Armour
 a - a +1 robe
 p - a +0 kite shield
   (You found it on level 3 of the Dungeon)
 I - +2 swamp dragon scales (worn)
   (You took it off Maggie on level 6 of the Dungeon)
 J - a +2 kite shield (worn)
   (You bought it in a shop on level 4 of the Dungeon)
Magical Staves
 g - a staff of conjuration {!a@e2staff}
   (You found it on level 1 of the Dungeon)
Jewellery
 l - a ring of wizardry (left hand)
   (You found it on level 3 of the Dungeon)
 t - a ring of protection from cold
   (You found it on level 4 of the Dungeon)
 B - a +6 ring of dexterity (right hand)
   (You took it off an orc on level 5 of the Dungeon)
 F - a ring of wizardry
   (You found it on level 5 of the Dungeon)
 H - the ring of Xom's Recklessness {rC+ rN+}
   (You found it on level 6 of the Dungeon)

   [ring of positive energy]

   rC:        It protects you from cold.
   rN:        It protects you from negative energy.
 K - a ring of ice
   (You took it off a centaur on level 7 of the Dungeon)
Wands
 y - a wand of digging (4)
   (You took it off Natasha on level 4 of the Dungeon)
 G - a wand of paralysis (22)
   (You found it on level 6 of the Dungeon)
 M - a wand of iceblast (4)
   (You found it on level 7 of the Dungeon)
 R - a wand of acid (7)
   (You found it on level 8 of the Dungeon)
Scrolls
 k - 5 scrolls of magic mapping {!r}
 n - 4 scrolls of teleportation {@r4}
 q - 2 scrolls of brand weapon
 s - 2 scrolls of noise {!r}
 u - 3 scrolls of silence {!r}
 D - 2 scrolls of vulnerability {!r!r}
 E - 2 scrolls of blinking {!r}
 L - 2 scrolls of enchant weapon
 N - 3 scrolls of immolation {!r!r}
 O - a scroll of enchant armour
 S - a scroll of identify {@r1}
Potions
 f - 2 potions of attraction {!q}
 h - 4 potions of curing {@q1}
 m - a potion of brilliance
 v - 2 potions of heal wounds {unknown}
 z - 2 potions of invisibility
 A - 2 potions of degeneration {unknown}
 C - 3 potions of haste {unknown}
 P - 3 potions of flight {unknown}

Dungeon Overview and Level Annotations

Branches:
Dungeon (10/15)            Temple (0/1) D:4            Lair (1/6) D:9
  IceCv (1/1)
    Orc: D:9-12

Altars:
Cheibriados
Kikubaaqudgha
Ru
Sif Muna
Trog
Xom
Yredelemnul

Shops:
D:4 [

Annotations:
IceCv exclusion: 2 ice statues

#########
#.......#
#...∩...#
#.......#
#...§§§§#
#...§§§§#
##...v@##
##..W##
##.##
##...##
##.....##
#.......#
#.......#
#!......#
#$......#


You could see a freezing wraith (ally target).


Message History

Unknown command.
There is an ice covered gate leading back out of this place here.
There is an ice choked empty arch of ancient stone here.
P - 3 metallic white potions (gained 1)
Q - 3 curare-tipped darts {=fthrowing} (gained 2)
D - 2 scrolls of vulnerability {!r!r} (gained 1)
S - a scroll of identify {@r1} A freezing wraith and an ice statue come into view.
The freezing wraith moves out of view.
Marking area around an ice statue as unsafe for travelling.
An ice statue comes into view.
The ice statue gestures.
Marking area around an ice statue as unsafe for travelling.
A freezing wraith is nearby!
You hit the freezing wraith but do no damage.
The freezing wraith hits you but does no damage. x2
You closely miss the freezing wraith. The freezing wraith hits you!
The freezing wraith freezes you. You resist.
The freezing wraith hits you. 😕 HP[-13]
You take 13 damage, and now have 119/132 hp.
You hit the freezing wraith but do no damage.
The freezing wraith hits you. The freezing wraith freezes you. You resist.
You block the freezing wraith's attack. 😕 HP[-11]
You take 11 damage, and now have 108/132 hp.
You puncture the freezing wraith!
The freezing wraith hits you but does no damage.
The freezing wraith hits you. 😕 HP[-4]
You take 4 damage, and now have 104/132 hp.
You hit the freezing wraith. You block the freezing wraith's attack.
The freezing wraith hits you but does no damage. 😕 HP[+1]
You closely miss the freezing wraith. The freezing wraith hits you!
The freezing wraith freezes you. You resist.
The freezing wraith barely misses you. 😮 HP[-15]
You take 15 damage, and now have 90/132 hp.
You barely miss the freezing wraith. The freezing wraith closely misses you.
The freezing wraith barely misses you.
The freezing wraith completely misses you.
The freezing wraith barely misses you.
You hit the freezing wraith. The freezing wraith closely misses you.
The freezing wraith hits you! The freezing wraith drains your vigour!
You feel yourself slow down. 😮 HP[-6]
You take 6 damage, and now have 84/132 hp.
You hit the freezing wraith but do no damage.
The freezing wraith hits you. The freezing wraith freezes you! You resist.
The freezing wraith hits you but does no damage. 😮 HP[-12]
You take 12 damage, and now have 72/132 hp.
You puncture the freezing wraith! The freezing wraith hits you.
The freezing wraith freezes you! You resist.
* * * LOW HITPOINT WARNING * * *
You block the freezing wraith's attack.
The freezing wraith hits you but does no damage.
The freezing wraith hits you.
* * * LOW HITPOINT WARNING * * *
The freezing wraith drains your vigour!
You feel as though you will be slow longer. 😨 HP[-19]
You take 19 damage, and now have 53/132 hp.
You hit the freezing wraith.
The freezing wraith hits you but does no damage.
The freezing wraith closely misses you. The freezing wraith hits you!
* * * LOW HITPOINT WARNING * * *
The freezing wraith freezes you! You resist.
* * * LOW HITPOINT WARNING * * *
The freezing wraith hits you.
* * * LOW HITPOINT WARNING * * *
The freezing wraith drains your vigour!
You feel as though you will be slow longer. 😨 HP[-16]
You take 16 damage, and now have 37/132 hp.
Unknown command.
Activating: Foxfire Swarm
Press: ? - help, Dir - look around, f - activate Flames leap up around you!
The freezing wraith hits you!
* * * LOW HITPOINT WARNING * * *
The freezing wraith freezes you! You resist.
* * * LOW HITPOINT WARNING * * *
The freezing wraith hits you.
* * * LOW HITPOINT WARNING * * *
The freezing wraith drains your vigour!
You feel as though you will be slow longer. 😱 HP[-17]
You take 17 damage, and now have 20/132 hp.
You closely miss the freezing wraith.
The foxfire hits the freezing wraith but does no damage. x4
The foxfire hits the freezing wraith.
The freezing wraith is burned terribly!
The foxfire hits the freezing wraith but does no damage.
The foxfire hits the freezing wraith.
The foxfire hits the freezing wraith but does no damage. x3
The foxfire hits the freezing wraith.
The freezing wraith hits you.
* * * LOW HITPOINT WARNING * * *
The freezing wraith freezes you. You resist.
* * * LOW HITPOINT WARNING * * *
You block the freezing wraith's attack. The freezing wraith hits you!
You die...

Skill      XL: |  1  2  3  4  5  6  7  8  9 10 |
---------------+-------------------------------+-----
Unarmed Combat | 3 |  3.3
Fighting       | 5 6 8 9 11 14 17 19 | 19.1
Spellcasting   | |  1.2
Fire Magic     | |  2.6

Action                   |  1- 3 |  4- 6 |  7- 9 | 10-12 || total
-------------------------+-------+-------+-------+-------++-------
Melee: Unarmed           |   155 |    54 |       |       ||   209
       Punch             |     2 |       |     5 |       ||     7
       Dagger            |       |    60 |   255 |   222 ||   537
Throw: Stone             |    25 |    63 |       |       ||    88
 Cast: Scorch            |       |     3 |    14 |       ||    17
Invok: Foxfire Swarm     |     1 |       |       |     4 ||     5
       Rising Flame      |       |       |       |     1 ||     1
  Use: Scroll            |     1 |     4 |     5 |     5 ||    15
       Potion            |       |       |       |     1 ||     1
Armor: Robe              |    50 |    30 |    28 |       ||   108
       Swamp dragon scal |       |       |    78 |   122 ||   200
Dodge: Dodged            |    70 |    39 |    99 |    79 ||   287
Block: Kite shield       |       |       |    48 |    99 ||   147

Levels and vault maps discovered:
D:1:      nicolae_arrival_kraken_aquarium_b, layout_loops_ring,
          dilly_ecumenical_altar_fadedgnrine, glass_columns_a
D:2:      layout_basic, basic_altar
D:3:      layout_rooms
D:4:      layout_basic, minmay_temple_entry_tees, serial_shops,
          nicolae_shop_overgrown_old_shop, uniq_edmund, uniq_natasha,
          uniq_robin, uniq_blork_the_orc
D:5:      layout_basic
D:6:      layout_basic, minitemple, guppyfry_early_elven_hall, uniq_maggie,
          uniq_menkaure
D:7:      layout_loops_ring, xom_confusion_cloud
D:8:      layout_gridville, mainiacjoe_overflow_six_doors_small,
          nicolae_kikubaaqudgha_miasma_corner
D:9:      layout_stronghold, dpeg_oklobed_lair
D:10:     layout_roguey, lemuel_doored_altar,
          nicolae_gozag_conspicuous_consumption, kennysheep_potato, uniq_maurice
Lair:1:   layout_cave_pods, portal_ice_cave_entry_ice_simulacra, minmay_holes,
          dreamdust_gnoll_shepherd, uniq_joseph, uniq_grum
IceCv:    ice_cave_statue_garden_chambered

Notes
Turn   | Place    | Note
-------+----------+-------------------------------------------
     0 | D:1      | spaghetti the Ogre Cinder Acolyte began the quest for the
                  | Orb.
     0 | D:1      | Reached XP level 1. HP: 24/24 MP: 2/2
     0 | D:1      | magus.rc [v1.9.6]
     3 | D:1      | Noticed a demonspawn
     3 | D:1      | Noticed a felid
     3 | D:1      | Noticed a formicid
     3 | D:1      | Noticed a tengu
     3 | D:1      | Noticed a demonspawn
     3 | D:1      | Noticed a felid
     3 | D:1      | Noticed a kraken
     3 | D:1      | Noticed a minotaur
     3 | D:1      | Noticed a demonspawn
     3 | D:1      | Noticed a naga
     3 | D:1      | Noticed a tengu
     3 | D:1      | Noticed a human
     3 | D:1      | Noticed a draconian
     3 | D:1      | Noticed a demigod
     4 | D:1      | Killed a tengu
     4 | D:1      | Killed a felid
     5 | D:1      | Killed a demonspawn
     7 | D:1      | Killed a naga
    10 | D:1      | Killed a formicid
    10 | D:1      | Killed a demonspawn
    11 | D:1      | Killed a human
    12 | D:1      | Killed a tengu
    13 | D:1      | Killed a demonspawn
    16 | D:1      | Killed a felid
    19 | D:1      | Killed a draconian
    20 | D:1      | Killed a demigod
    23 | D:2      | Found a bloodstained altar of Trog.
   264 | D:1      | Killed a minotaur
   338 | D:1      | Reached skill level 3 in Unarmed Combat
   445 | D:1      | Reached XP level 2. HP: 24/32 MP: 3/3
  1627 | D:1      | Found a faded altar of an unknown god.
  1741 | D:2      | Reached XP level 3. HP: 40/40 MP: 4/4
  1886 | D:2      | Reached skill level 5 in Fighting
  2249 | D:2      | Reached XP level 4. HP: 50/50 MP: 5/5
  2605 | D:2      | Reached skill level 6 in Fighting
  2964 | D:3      | Identified the +10 dagger of Valiance {drain, rC+ MP+9}
  3107 | D:4      | Found Kegirgheli's Antique Armour Shop.
  3152 | D:4      | Noticed Robin
  3165 | D:4      | Killed Robin
  3166 | D:4      | Reached XP level 5. HP: 40/61 MP: 6/6
  3392 | D:4      | Noticed an ogre
  3398 | D:4      | Killed an ogre
  3399 | D:4      | Reached skill level 7 in Fighting
  3518 | D:4      | Reached skill level 8 in Fighting
  3518 | D:4      | Reached XP level 6. HP: 64/72 MP: 7/7
  3532 | D:4      | Learned a level 2 spell: Scorch
  3542 | D:4      | Found a staircase to the Ecumenical Temple.
  3565 | D:4      | Noticed Edmund
  3579 | D:4      | Killed Edmund
  3580 | D:4      | Reached skill level 9 in Fighting
  3589 | D:4      | Reached XP level 7. HP: 47/83 MP: 8/8
  3794 | D:4      | Noticed Blork the orc
  3805 | D:4      | Killed Blork the orc
  3806 | D:4      | Reached skill level 10 in Fighting
  3954 | D:4      | Identified the +8 great sword "Miwear" {vorpal, Contam
                  | rElec rPois rCorr}
  4105 | D:4      | Noticed Natasha
  4110 | D:4      | Killed Natasha
  4126 | D:4      | Noticed Natasha
  4131 | D:4      | Killed Natasha
  4135 | D:4      | Noticed Natasha
  4141 | D:4      | Killed Natasha
  4388 | D:5      | Entered Level 5 of the Dungeon
  4401 | D:5      | Reached skill level 11 in Fighting
  4936 | D:5      | Reached XP level 8. HP: 87/98 MP: 9/9
  5067 | D:5      | Reached skill level 12 in Fighting
  5539 | D:5      | You pick up a book of Vapours and begin reading...
  5539 | D:5      | You add the spells Poisonous Vapours and Corpse Rot to your
                  | library.
  5907 | D:6      | Identified the ring of Xom's Recklessness {rC+ rN+}
  5922 | D:6      | You pick up a book of Chaos and begin reading...
  5922 | D:6      | You add the spells Conjure Ball Lightning, Disjunction and
                  | Discord to your library.
  5957 | D:6      | Noticed Maggie
  5972 | D:6      | Killed Maggie
  5973 | D:6      | Reached skill level 13 in Fighting
  6283 | D:4      | Bought a shiny kite shield for 157 gold pieces
  6418 | D:6      | HP: 22/102 [orc priest/divine providence (17)]
  6893 | D:6      | Noticed Menkaure
  6918 | D:6      | Killed Menkaure
  6919 | D:6      | Reached skill level 14 in Fighting
  7088 | D:6      | Reached XP level 9. HP: 104/114 MP: 10/10
  7192 | D:6      | Found a basalt altar of Yredelemnul.
  7215 | D:6      | Found a snail-covered altar of Cheibriados.
  7215 | D:6      | Found a shimmering blue altar of Sif Muna.
  7526 | D:6      | Noticed a deep elf pyromancer
  7539 | D:6      | Killed a deep elf pyromancer
  7540 | D:6      | Reached skill level 15 in Fighting
  7669 | D:7      | Noticed a hornet
  7682 | D:7      | Killed a hornet
  7683 | D:7      | Reached skill level 16 in Fighting
  7930 | D:7      | Found a shimmering altar of Xom.
  8005 | D:7      | Reached skill level 17 in Fighting
  8208 | D:7      | Reached XP level 10. HP: 120/131 MP: 11/11
  8790 | D:7      | Identified the +3 chain mail "Utyogom" {Harm rC- Will+}
  8921 | D:8      | You pick up a book of the Sky and begin reading...
  8921 | D:8      | You add the spells Summon Lightning Spire, Storm Form and
                  | Maxwell's Capacitive Coupling to your library.
  9057 | D:8      | Found an ancient bone altar of Kikubaaqudgha.
  9180 | D:8      | Reached skill level 18 in Fighting
  9480 | D:8      | HP: 23/117 [wight/+3 trident (14)]
 10241 | D:8      | Found a sacrificial altar of Ru.
 10973 | D:9      | Found a staircase to the Lair.
 11869 | D:10     | Entered Level 10 of the Dungeon
 11869 | D:10     | Noticed a two-headed ogre
 11894 | D:9      | HP: 29/122 [killer bee (4)]
 11896 | D:8      | HP: 14/122 [poisoned by a killer bee]
 12345 | Lair:1   | Entered Level 1 of the Lair of Beasts
 12349 | Lair:1   | Noticed a cane toad
 12360 | Lair:1   | Killed a cane toad
 12361 | Lair:1   | Reached skill level 19 in Fighting
 12486 | Lair:1   | Found a frozen archway.
 12497 | IceCv    | Entered an ice cave
 12784 | IceCv    | Noticed an ice statue
 12785 | IceCv    | Noticed an ice statue
 12808 | IceCv    | HP: 30/132 [freezing wraith (8)]
 12809 | IceCv    | HP: 9/132 [freezing wraith (6)]
 12809 | IceCv    | Slain by a freezing wraith

Vanquished Creatures
  A deep elf pyromancer (D:6)
  A cane toad (Lair:1)
  Maggie (D:6)
  A hornet (D:7)
  A steam dragon (D:7)
  Edmund (D:4)
  Menkaure (D:6)
  2 orc warriors (D:9)
  A sky beast (D:7)
  2 black bears
  An ogre (D:4)
  2 centaurs (D:7)
  Blork the orc (D:4)
  A gnoll sergeant (D:6)
  4 kobold brigands
  3 bullfrogs
  3 necrophages
  3 scorpions
  5 wights
  3 elephant simulacra (IceCv)
  A killer bee (D:9)
  5 howler monkeys
  4 orc priests
  2 gnoll shamans
  3 hounds
  An iguana (D:5)
  Natasha (thrice) (D:4)
  13 orc wizards
  Robin (D:4)
  14 gnolls
  8 adders
  A white imp (D:8)
  2 ufetubi
  2 worms
  40 orcs
  6 ball pythons
  7 bats
  4 endoplasms
  3 giant cockroaches (D:2)
  11 goblins
  17 hobgoblins
  22 kobolds
  3 quokkas
  3 frilled lizards (D:2)
  5 rats
219 creatures vanquished.

Vanquished Creatures (others)
  A minotaur (D:1)
  3 demonspawn (D:1)
  A draconian (D:1)
  A formicid (D:1)
  A human (D:1)
  A naga (D:1)
  A demigod (D:1)
  A centaur (D:7)
  2 tengu (D:1)
  2 felids (D:1)
  4 orcs
  71 foxfires
  11 tentacles (D:1)
100 creatures vanquished.

Grand Total: 319 creatures vanquished

Table legend:
 A = Non-vault XP
 B = Vault XP
 C = Vault XP percentage of total XP
 D = Non-vault monster count
 E = Vault monster count
 F = Vault count percentage of total count
                 A         B        C        D         E       F
            +---------+---------+-------+---------+---------+-------
      Total |    4727 |    2324 |  33.0 |     196 |      23 |  10.5
            +---------+---------+-------+---------+---------+-------
        D:1 |      29 |       0 |   0.0 |      16 |       0 |   0.0
        D:2 |      82 |       0 |   0.0 |      27 |       0 |   0.0
        D:3 |      27 |       0 |   0.0 |      14 |       0 |   0.0
        D:4 |     488 |     320 |  39.6 |      24 |      11 |  31.4
        D:5 |     418 |       0 |   0.0 |      19 |       0 |   0.0
        D:6 |     600 |    1219 |  67.0 |      18 |       3 |  14.3
        D:7 |    1025 |     597 |  36.8 |      29 |       6 |  17.1
        D:8 |     826 |       0 |   0.0 |      30 |       0 |   0.0
        D:9 |     799 |       0 |   0.0 |      18 |       0 |   0.0
     Lair:1 |     433 |       0 |   0.0 |       1 |       0 |   0.0
      IceCv |       0 |     188 | 100.0 |       0 |       3 | 100.0
            +---------+---------+-------+---------+---------+-------

Illustrated notes

Table legend:
 A = Kills in this place as a percentage of kills in entire the game.
 B = Kills by you in this place as a percentage of kills by you in the entire game.
 C = Kills by friends in this place as a percentage of kills by friends in the entire game.
 D = Other kills in this place as a percentage of other kills in the entire game.
 E = Experience gained in this place as a percentage of experience gained in the entire game.
 F = Experience gained in this place divided by the number of levels of this place that you have seen.
                   A       B       C       D       E      F
               +-------+-------+-------+-------+-------+----------------------
         Total | 100.0 | 100.0 |   N/A |   N/A | 100.0 | 587.6
       Dungeon |  98.2 |  98.2 |   N/A |   N/A |  91.2 | 643.0
          Lair |   0.5 |   0.5 |   N/A |   N/A |   6.1 | 433.0
      Ice Cave |   1.4 |   1.4 |   N/A |   N/A |   2.7 | 188.0
               +-------+-------+-------+-------+-------+----------------------

Table legend: (Time is in decaauts)
 A = Elapsed time spent in this place.
 B = Non-inter-level travel time spent in this place.
 C = Inter-level travel time spent in this place.
 D = Time resting spent in this place.
 E = Time spent auto-exploring this place.
 F = Levels seen in this place.
 G = Mean time per level.
                   A        B        C        D        E       F      G
               +--------+--------+--------+--------+--------+-----+--------+
         Total |  12866 |  12392 |    474 |   3755 |   6952 |  12 | 1072.2 |
       Dungeon |  12396 |  11922 |    474 |   3388 |   6927 |  10 | 1239.6 |
          Lair |    153 |    153 |      0 |    119 |      8 |   1 |  153.0 |
      Ice Cave |    316 |    316 |      0 |    248 |     17 |   1 |  316.0 |
               +--------+--------+--------+--------+--------+-----+--------+

Top non-repeatable levels by time:
     D:8: 2233 daAuts
     D:6: 1589 daAuts
     D:5: 1582 daAuts
     D:4: 1412 daAuts
     D:1: 1408 daAuts
     D:7: 1263 daAuts
     D:2: 1239 daAuts
     D:9: 1221 daAuts
     D:3: 441 daAuts
   IceCv: 316 daAuts
  Lair:1: 153 daAuts
    D:10: 4 daAuts
